[Event "Torneo Nuevo Centro. Jornada 11"]
[Site "Chess.com"]
[Date "2020.08.28"]
[Round "3"]
[White "Yatseta Fernandez, Marc Kazymyr"]
[Black "Donate Moreno, Silvia"]
[Result "0-1"]
[WhiteElo "1513"]
[BlackElo "1842"]
[TimeControl "180+2"]
[EndTime "10:58:05 PDT"]
[Termination "Victoria de monetesSAL por jaque mate"]

1. d4 Nf6 2. c4 g6 3. Nf3 Bg7 4. g3 O-O 5. Bg2 d6 6. O-O Nbd7 7. b3 Ne4 8. Bb2 c5 9. Nbd2 Nxd2 10. Qxd2 Rb8 11.
Rfd1 b6 12. e4 cxd4 13. Bxd4 Bb7 14. Bxg7 Kxg7 15. Qc3+ Kg8 16. e5 Bxf3 17. Bxf3 Nxe5 18. Bd5 Qc7 19. f4 Ng4 20. Kg2 Nf6 21. Rac1 Rfc8 22.
Qe3 Qd7 23. Rc2 Rc7 24. Re2 Rbc8 25. Rde1 Kf8 26. h3 Nxd5 27. cxd5 Rc2 28. Qd4 Kg8 29.
Rxc2 Rxc2+ 30. Kf3 Qxh3 31. Rxe7 Qh1+ 32. Kg4 Qh5# 0

[Event "Torneo Nuevo Centro. Jornada 11"]
[Site "Chess.com"]
[Date "2020.08.28"]
[Round "3"]
[White "Fente Fernandez, Jose Ignacio"]
[Black "Luque Saiz, Andrés"]
[Result "0-1"]
[WhiteElo "1567"]
[BlackElo "2040"]
[TimeControl "180+2"]
[EndTime "10:58:15 PDT"]
[Termination "Victoria de Chuch1n por tiempo"]

1. e4 c6 2. d4 d5 3. e5 c5 4. c3 Nc6 5. Nf3 Bg4 6. Be3 e6 7.
dxc5 Bxf3 8. Qxf3 Nxe5 9. Qd1 Nf6 10. Nd2 Be7 11. Bb5+ Nc6 12. Qa4 Qc7 13. Nf3 O-O 14. O-O Ne4 15. Nd4 Nxc5 16. Qc2 Ne4 17. Bd3 Nf6 18.
Nxc6 bxc6 19. Bg5 h6 20. Bxf6 Bxf6 21. Rfe1 c5 22. c4 Rab8 23. Rab1 Qa5 24. b3 Bc3 25. Re3 d4 26. Rg3 Qc7 27. Qe2 e5 28. Qe4 f5 29.
Qh4 e4 30. Be2 Qd6 0

[Event "Torneo Nuevo Centro. Jornada 11"]
[Site "Chess.com"]
[Date "2020.08.28"]
[Round "3"]
[White "Chofre Murcia, Adrián"]
[Black "Carbonell Bofill, Carlos Eloy"]
[Result "0-1"]
[WhiteElo "1631"]
[BlackElo "1908"]
[TimeControl "180+2"]
[EndTime "10:58:23 PDT"]
[Termination "Victoria de MFCARLOS por jaque mate"]

1. e4 e6 2. Nc3 d5 3. exd5 exd5 4. d4 Nf6 5. Nf3 Bb4 6. Bd2 O-O 7. a3 Re8+ 8. Be2 Bd6 9. O-O c6 10. Re1 Bf5 11. Bg5 Nbd7 12. Qd2 h6 13. Bh4 Qb6 14. Na4 Qc7 15. Nc3 Ne4 16. Nxe4 dxe4 17. Ng5 Bf4 18. Ne6 Rxe6 19. Qc3 Bxh2+ 20. Kh1 g5 21. d5 cxd5 22. Qd4 gxh4 23. Qxd5 Bg6 24. Rad1 Nf6 25. Qd2 Bf4 26. Qb4 a5 27. Qb5 Re5 28. Qb3 e3 29. Bf3 Bxc2 30. Qxb7 Qxb7 31. Bxb7 Rb8 32. Rc1 Rxb7 33.
Rxc2 exf2 34. Rf1 Bg3 35. Rc8+ Kg7 36. Rcc1 Rxb2 37. a4 Ng4 38. Rc7 Re1 39. Rc1 Rxc1 40. Rxc1 Re2 41. Rf1 Re1 42. Rxe1 fxe1=Q# 0

[Event "Torneo Nuevo Centro. Jornada 11"]
[Site "Chess.com"]
[Date "2020.08.28"]
[Round "3"]
[White "Serarols Mabras, Bernat"]
[Black "Rodriguez Rodriguez, Joan David "]
[Result "1-0"]
[WhiteElo "2446"]
[BlackElo "1790"]
[TimeControl "180+2"]
[EndTime "10:58:31 PDT"]
[Termination "Victoria de bernatserarols por abandono"]

1. d4 d6 2. c4 Nf6 3. Nf3 Nbd7 4. Nc3 e5 5. e3 Be7 6. Be2 h6 7. O-O g5 8. dxe5 dxe5 9. Nd5 c6 10. Nxe7 Qxe7 11.
b3 Nf8 12. a4 Ng6 13. Ba3 c5 14. Bb2 b6 15. Qc2 Bb7 16. a5 O-O 17. Nd2 Rad8 18. Bf3 e4 19. Be2 Kg7 20. Rfd1 Rd7 21. axb6 axb6 22.
Nf1 Rfd8 23. Ng3 Kh7 24. Qc3 Ne8 25. Rxd7 Rxd7 26. Bg4 Rd3 27. Qc2 Nf6 28. Bf5 Qd6 29.
h3 h5 30. Ra8 Bxa8 31. f3 exf3 32. Bxd3 fxg2 33. Nf5 Qc6 34. Qe2 Qf3 35. Bxf6 Qxe2 36.
Bxe2 Ne5 37. Bxe5 1

[Event "Torneo Nuevo Centro. Jornada 11"]
[Site "Chess.com"]
[Date "2020.08.28"]
[Round "3"]
[White "Garcia, Jhoel"]
[Black "Aguado, Pablo Luis"]
[Result "1-0"]
[WhiteElo "2384"]
[BlackElo "1932"]
[TimeControl "180+2"]
[EndTime "10:58:43 PDT"]
[Termination "Victoria de shoels por abandono"]

1. Nf3 d5 2. c4 e6 3. d4 Nf6 4. cxd5 exd5 5. Bg5 c6 6. Nc3 Bd6 7. e3 O-O 8. Bd3 Re8 9. O-O Bg4 10. Rb1 a5 11. a3 Nbd7 12. h3 Bh5 13. Be2 Qc7 14. Rc1 h6 15. Nb5 Qb8 16. Nxd6 Qxd6 17. Bf4 Qe7 18. Qb3 Nf8 19. Rfe1 Ne4 20. Qc2 Ne6 21.
Bh2 Bxf3 22. Bxf3 N6g5 23. Be2 Nxf2 24. Bf1 Nfe4 25. Bd3 Qd7 26. Rf1 Nf6 27. Rce1 Re7 28. Be5 Nfe4 29. Bh2 Rae8 30. Rf4 Nd6 31. h4 Ne6 32.
Rf3 Nf8 33. Be5 f6 34. Bf4 Ne4 35. Bh2 Qe6 36. Rf4 f5 37. Ref1 Rf7 38. g4 Ng6 39. gxf5 Qf6 40. fxg6 Qxg6+ 41. Qg2 Qe6 42. Rxf7 1

[Event "Torneo Nuevo Centro. Jornada 11"]
[Site "Chess.com"]
[Date "2020.08.28"]
[Round "3"]
[White "Carbonell Sancho, Marc"]
[Black "Gutierrez Marco, Dario"]
[Result "0-1"]
[WhiteElo "1849"]
[BlackElo "1835"]
[TimeControl "180+2"]
[EndTime "10:58:50 PDT"]
[Termination "Victoria de rususs por jaque mate"]

1. e4 c5 2. Nf3 e6 3. d4 cxd4 4. Nxd4 Nc6 5. Nb5 d6 6. c4 Nf6 7. N1c3 a6 8. Na3 Be7 9. Be2 O-O 10.
O-O b6 11. Be3 Qc7 12. Qd2 Bb7 13. f3 Rad8 14. Rac1 Nd7 15. Rfd1 Nc5 16. Nc2 Qb8 17. b4 Nd7 18. a3 Nce5 19. Nd4 Rc8 20. Na4 Rfd8 21.
Bf1 d5 22. cxd5 exd5 23. Rxc8 Qxc8 24. Nf5 Bf8 25. exd5 b5 26. Nb6 Nxb6 27. Bxb6 Rxd5 28. Qe2 Rxd1 29. Qxd1 Qxf5 30. Qd8 Qd7 31. Qb8 Nc6 32. Qg3 g6 33. h4 Bg7 34. Bc5 Bd4+ 35. Kh1 Bxc5 36. bxc5 Ne7 37. h5 Nf5 38. Qf4 Qe7 39. Qb4 Qh4+ 40. Kg1 Qxb4 41. axb4 gxh5 42. Bd3 Ne7 43. Kf2 Bd5 44. Ke3 Nc6 45. Bf5 Nxb4 46. Kd4 a5 47. Ke5 a4 48. Bb1 a3 49. Kd6 a2 50. Bxa2 Bxa2 51. c6 Nxc6 52. Kxc6 Bc4 53.
Kc5 Kg7 54. g3 Kf6 55. Kb4 Kg5 56. Kc3 h4 57. gxh4+ Kxh4 58. Kd4 Kg3 59. Ke3 h5 60. f4 h4 61. f5 h3 62. f6 h2 63. Kd2 h1=Q 64.
Kc3 Qf3+ 65. Kd4 Qd3+ 66. Ke5 Qd5# 0

[Event "Torneo Nuevo Centro. Jornada 11"]
[Site "Chess.com"]
[Date "2020.08.28"]
[Round "3"]
[White "Leal Uribe, Jhonny Alberto"]
[Black "Lloret Ramis, Juan José"]
[Result "0-1"]
[WhiteElo "2535"]
[BlackElo "1992"]
[TimeControl "180+2"]
[EndTime "10:59:15 PDT"]
[Termination "Victoria de Amiplim por tiempo"]

1. d4 d5 2. Nf3 e6 3. e3 Nf6 4. Bd3 c5 5. c3 Nc6 6. Nbd2 Bd6 7. O-O O-O 8. dxc5 Bxc5 9. e4 e5 10. Qe2 d4 11. Nb3 Bb6 12. Bg5 Bg4 13. Rfd1 dxc3 14. bxc3 Qe7 15. h3 Bh5 16. Bb5 Rac8 17. Rd2 a6 18. Bc4 Na5 19. Nxa5 Bxa5 20. Rc1 b5 21. Bd5 Rxc3 22. Rxc3 Bxc3 23. Rc2 b4 24. Qxa6 Bxf3 25. gxf3 Qd7 26. Bxf6 gxf6 27. Kh2 Qe7 28. Rc1 h6 29. a4 Kh7 30. a5 Bd4 31. Rc6 Bxf2 32. Rc8 Bh4 33. Rxf8 Qxf8 34. Qb7 Bg5 35. a6 Bf4+ 36.
Kg2 b3 37. Bxb3 Qg7+ 38. Kf1 Be3 39. Ke2 Bd4 0

[Event "Torneo Nuevo Centro. Jornada 11"]
[Site "Chess.com"]
[Date "2020.08.28"]
[Round "3"]
[White "Gutierrez Lacambra, Jose Antonio"]
[Black "Roca Cruz, Rafael"]
[Result "0-1"]
[WhiteElo "1380"]
[BlackElo "1797"]
[TimeControl "180+2"]
[EndTime "10:59:23 PDT"]
[Termination "Victoria de RafaRocaCruz por tiempo"]

1. d4 b5 2. Nf3 Bb7 3. Bf4 e6 4. e3 a6 5. Be2 Nf6 6. h3 Be7 7.
O-O O-O 8. Nbd2 d6 9. c4 bxc4 10.
Nxc4 a5 11. b3 Nbd7 12. Rc1 Nb6 13. Qc2 Be4 14. Bd3 Bxd3 15. Qxd3 Nbd5 16. Bh2 Nb4 17. Qc3 Nxa2 18. Qb2 Nxc1 19. Rxc1 Nd5 20. Qd2 Nb4 21.
e4 h6 22. Nxa5 Rxa5 23. Qxb4 c5 24. dxc5 Rxc5 25. Rd1 e5 26. Bxe5 Rxe5 27. Nxe5 dxe5 28. Rxd8 Bxb4 29. Rxf8+ Kxf8 30. Kf1 Ke7 31. Ke2 Bc5 32.
f3 Kd6 33. Kd3 Bf2 34. Kc4 Kc6 35. b4 h5 36. b5+ Kd6 37. g4 hxg4 38. hxg4 Be3 39.
Kb4 Bb6 40. Kc4 f6 41. Kb4 Bf2 42. Kc4 Be1 43. Kb3 Kc5 44. Ka4 Bd2 45. Kb3 Kxb5 46. Kc2 Bf4 47. Kd3 Kc5 48. Kc3 Kb5 49. Kb3 Bd2 50. Kc2 Ba5 0

[Event "Torneo Nuevo Centro. Jornada 11"]
[Site "Chess.com"]
[Date "2020.08.28"]
[Round "3"]
[White "Bascuñana Sánchez, Pablo"]
[Black "Vidarte Morales, Arturo"]
[Result "0-1"]
[WhiteElo "1672"]
[BlackElo "2205"]
[TimeControl "180+2"]
[EndTime "10:59:23 PDT"]
[Termination "Victoria de Arturo_Vidarte por abandono"]

1. e4 c5 2. Nf3 e6 3. d4 cxd4 4.
Nxd4 a6 5. Bd3 Bc5 6. Be3 d6 7. f4 Nf6 8. O-O Qc7 9. Qe2 Nbd7 10. Nd2 b5 11. a3 Bb7 12. f5 e5 13. N4f3 O-O 14. Bxc5 Nxc5 15. Rac1 Rfe8 16. b4 Ncd7 17. c4 bxc4 18. Rxc4 Qb6+ 19. Kh1 d5 20. exd5 Bxd5 21.
Rh4 Rac8 22. Ne4 Bxe4 23. Bxe4 Rc3 24. Ra1 Re3 25. Qc4 h6 26. Bc2 Qb5 27. Qxb5 axb5 28.
a4 Rc3 29. Bd1 bxa4 30. Bxa4 Rec8 31. h3 Nb6 32. Bb5 e4 33. Nd2 Rc1+ 34. Rxc1 Rxc1+ 35. Kh2 e3 36. Nf3 Nbd5 37. Ba4 e2 38. g4 e1=Q 39. Nxe1 Rxe1 40. b5 Rb1 41. Kg3 Rb4 42. Bc2 Rxb5 43. Kf2 Rb2 44. Ke1 Rxc2 45. Rxh6 gxh6 46. g5 Ne4 0

[Event "Torneo Nuevo Centro. Jornada 11"]
[Site "Chess.com"]
[Date "2020.08.28"]
[Round "3"]
[White "Miranda Calvo, Max Rodrigo"]
[Black "Más Ripoll, Vicente"]
[Result "1-0"]
[WhiteElo "1305"]
[BlackElo "1065"]
[TimeControl "180+2"]
[EndTime "10:59:23 PDT"]
[Termination "Victoria de bas-max-miranda por tiempo"]

1. e4 c5 2. d4 cxd4 3. c3 dxc3 4. Nxc3 e6 5. Nf3 a6 6. e5 Bb4 7. Bd2 Nc6 8. Be2 Qc7 9. O-O Nxe5 10. Nxe5 Qxe5 11.
Re1 Qc7 12. Qc1 Nf6 13. Bf4 Qd8 14. a3 Ba5 15. b4 Bb6 16. Na4 Ba7 17. Be3 Bxe3 18.
Qxe3 O-O 19. Nb6 Rb8 20. Qg3 d6 21. Nxc8 Rxc8 22. Red1 e5 23. Bf3 Rc3 24. h3 Qc7 25. Qh2 Rc8 26. Be2 Rc2 27. Bd3 Rc3 28. Bf1 Qb6 29. Kh1 Qxf2 30. Qg1 Qxg1+ 31. Kxg1 Ne4 32. Bd3 Ng3 33. Kh2 e4 34. Bb1 f5 35. a4 Nh5 36.
b5 axb5 37. axb5 Rc1 38. Ba2+ Kf8 39. Rdxc1 Ra8 40. Bd5 Nf6 41. Rxa8+ Ke7 42. Bxb7 1

[Event "Torneo Nuevo Centro. Jornada 11"]
[Site "Chess.com"]
[Date "2020.08.28"]
[Round "3"]
[White "Conon, Catalin"]
[Black "Escalona Moncholi, Felix"]
[Result "0-1"]
[WhiteElo "1924"]
[BlackElo "2112"]
[TimeControl "180+2"]
[EndTime "11:00:02 PDT"]
[Termination "Victoria de SchachSpielerESP por abandono"]

1. e4 e6 2. Qe2 c5 3. Nf3 Nc6 4. c3 g6 5. d4 cxd4 6. cxd4 Bg7 7. d5 Ne5 8. Nxe5 Bxe5 9. Nc3 Ne7 10. Bg5 Qa5 11. Qd3 d6 12. Bxe7 Kxe7 13. Be2 exd5 14.
exd5 Re8 15. O-O Kf8 16. Bf3 Kg8 17. Qb5 Qd8 18. Rac1 a6 19. Qd3 Bf5 20. Be4 Bxe4 21. Nxe4 Qh4 22. Ng3 Rac8 23. b3 Kg7 24. Rc4 Rxc4 25.
Qxc4 Qxc4 26. bxc4 Rc8 27. Rc1 b5 28. Ne2 Rxc4 29.
Kf1 Rxc1+ 30. Nxc1 f5 31. Ke2 Kf6 32. Nb3 Bc3 33.
f4 h6 34. Kd3 Be1 35. Nd4 Bf2 36. Ne6 g5 37. g3 gxf4 38. gxf4 Bg1 39. h3 Bh2 40.
Ke3 a5 41. Nc7 b4 42. Nb5 Bg1+ 43. Kd3 Bc5 44. h4 Kg6 45. Nc7 Kh5 46. Ne8 Kxh4 47. Ng7 Kg4 48. Ne6 Bb6 49. Kc4 h5 50. Kb5 Be3 51. Kxa5 Bxf4 52. Kxb4 h4 53. a4 Bd2+ 54. Kc4 h3 55. Nd4 h2 0

[Event "Torneo Nuevo Centro. Jornada 11"]
[Site "Chess.com"]
[Date "2020.08.28"]
[Round "3"]
[White "Soliva Ruiz, Ramon"]
[Black "Yuste Valenzuela, Alejandro"]
[Result "0-1"]
[WhiteElo "1519"]
[BlackElo "1876"]
[TimeControl "180+2"]
[EndTime "11:00:29 PDT"]
[Termination "Victoria de alejandrito290 por abandono"]

1. d4 Nf6 2. Bf4 g6 3. e3 Bg7 4. c3 O-O 5. Nf3 d6 6. Be2 c5 7.
Nfd2 Nc6 8. Na3 e5 9. dxe5 dxe5 10. Bg5 h6 11. Bxf6 Bxf6 12. Ne4 Be7 13. Nb5 Be6 14. O-O Bd5 15. Qc2 a6 16. Na3 Qc7 17.
Nc4 b5 18. Ncd2 f5 19. Ng3 h5 20. Bf3 e4 21. Bd1 h4 22. Ne2 g5 23. a3 a5 24. c4 bxc4 25. Nxc4 Ne5 26. Nxe5 Qxe5 27. Qc3 Bd6 28. g3 h3 29. Qxe5 Bxe5 30. Nc3 Bxc3 31. bxc3 Bc4 32. Re1 Rab8 33. Be2 Bd3 34. Bxd3 exd3 35.
Rab1 c4 36. Kf1 Kf7 37. Red1 Ke6 38. Ke1 Kd6 39. Kd2 Kc7 40. f3 g4 41. f4 Rxb1 42.
Rxb1 Re8 43. Rb5 a4 44. Rxf5 Rb8 45. Rc5+ Kd6 46. Rxc4 Rb2+ 47. Kd1 Rxh2 48. Rxa4 Rg2 49. Ra6+ Kd5 50. Rh6 Ke4 51. a4 Kxe3 52. Re6+ Kf3 53.
Rh6 h2 54. a5 Rg1+ 55. Kd2 h1=Q 56. Rxh1 Rxh1 57. Kxd3 Ra1 58. Kc4 Rxa5 59. Kb4 Ra8 60. c4 Kxg3 61. f5 Kf4 62. f6 g3 0

[Event "Torneo Nuevo Centro. Jornada 11"]
[Site "Chess.com"]
[Date "2020.08.28"]
[Round "3"]
[White "Hernández Tomás, Efrén"]
[Black "Fernández Martin, Carlos"]
[Result "0-1"]
[WhiteElo "1112"]
[BlackElo "1777"]
[TimeControl "180+2"]
[EndTime "11:00:40 PDT"]
[Termination "Victoria de Pistachomortal por jaque mate"]

1. e4 c5 2. Nf3 d6 3. Bc4 Nf6 4. d4 cxd4 5. Qxd4 Nc6 6. Qd1 a6 7. Bd5 e6 8. Bxc6+ bxc6 9. e5 Nd5 10. exd6 Bxd6 11. Be3 O-O 12. Qd4 Bb7 13. Nc3 Qe7 14.
Nxd5 cxd5 15. Ng5 h6 16. Nf3 Rac8 17. O-O-O Bc5 18. Qd2 Rfd8 19. Bxc5 Qxc5 20. c3 f6 21. Nd4 Rd6 22. Nb3 Qc7 23. Nd4 e5 24. Nf5 Rdd8 25.
Qe3 d4 26. Qg3 Be4 27. Nh4 dxc3 28. Qxc3 Qxc3+ 29. bxc3 Rxc3+ 30. Kb2 Rc2+ 31. Kb3 Rb8+ 32. Ka3 Rbb2 33. Ra1 Bd5 34. Rhd1 Bxa2 35. Rd8+ Kh7 36. Nf5 Rb3+ 37. Ka4 Rc4+ 38. Ka5 Ra3+ 39. Kb6 Rb4+ 40. Kc5 Rb5+ 41. Kc6 Rc3+ 42. Kd7 Rd5+ 43. Ke7 Rc7+ 44.
Ke8 Rxd8+ 45. Kxd8 Rc2 46. Ke7 Rxf2 47. g4 Bd5 48. Rxa6 Bf3 49. Kf7 Bxg4 50. Nxg7 Rxh2 51.
Ra8 Bh5+ 52. Kf8 Kg6 53. Ne6 Kf5 54. Ng7+ Kg5 55. Nxh5 Kxh5 56. Ra6 Kg5 57. Ra5 Re2 58. Kg7 h5 59. Ra4 h4 60. Kf7 h3 61. Ra1 h2 62. Rh1 f5 63. Ke6 f4 64. Kd5 f3 65.
Ke6 Rg2 66. Kxe5 f2 67. Rd1 Rg1 68. Rd2 f1=Q 69. Rxh2 Qf4+ 70. Ke6 Qxh2 71. Kf7 Qf2+ 72. Kg7 Kf4+ 73. Kf6 Ke4+ 74. Ke6 Qf5+ 75. Kd6 Rg6+ 76. Ke7 Qf6+ 77. Kd7 Qf7+ 78. Kd8 Rg8# 0

[Event "Torneo Nuevo Centro. Jornada 11"]
[Site "Chess.com"]
[Date "2020.08.28"]
[Round "3"]
[White "Perrot, Fabien "]
[Black "Alegre Romaguera, Francesc"]
[Result "1-0"]
[WhiteElo "1162"]
[BlackElo "1305"]
[TimeControl "180+2"]
[EndTime "11:00:59 PDT"]
[Termination "Victoria de InspiredMinds por tiempo"]

1. d4 e5 2. dxe5 Nc6 3. Nf3 Qe7 4. Bf4 Qb4+ 5. Bd2 Qxb2 6. Nc3 Nb4 7. Nd4 c5 8. Rb1 Qa3 9. Rb3 Qa5 10. Ndb5 a6 11.
Nd6+ Bxd6 12. exd6 c4 13. Rb2 Qa3 14. Qc1 Nf6 15.
e3 b5 16. Nb1 Qa5 17. Bxb4 Qa4 18. Be2 Nd5 19. O-O Nxb4 20. Qd1 Bb7 21. c3 Nxa2 22.
Qxa4 bxa4 23. Rxa2 O-O 24. Rxa4 Bc6 25. Rxc4 Bb5 26.
Rb4 Bxe2 27. Re1 Bd3 28. Nd2 Rab8 29. Rd4 Bg6 30. h3 Rb2 31. Nf3 Rfb8 32. Rd2 Rxd2 33. Nxd2 a5 34. Kf1 a4 35. Nc4 Bd3+ 36. Kg1 Bxc4 37.
Ra1 Rb2 38. Rxa4 Rb1+ 39. Kh2 h6 40. Rxc4 Rb2 41. Kg3 g5 42. Rc7 Kg7 43. Rxd7 Rd2 44. c4 Kf6 45. c5 Ke6 46. c6 Rxd6 47. Rxd6+ Kxd6 48. Kg4 Kxc6 49. Kf5 Kd7 50. Kf6 Ke8 51. Kg7 h5 52. Kh6 g4 53. hxg4 hxg4 54. Kg5 Kf8 55. Kxg4 Kg7 56. f4 Kg6 57. Kf3 Kf5 58. g4+ Kg6 59.
e4 Kf6 60. g5+ Kg6 61. Kg4 Kg7 62. f5 Kh7 63. e5 Kg7 64. e6 1

[Event "Torneo Nuevo Centro. Jornada 11"]
[Site "Chess.com"]
[Date "2020.08.28"]
[Round "3"]
[White "Fenollar Jorda, Manolo"]
[Black "Pedros Viudes, Santiago"]
[Result "1-0"]
[WhiteElo "2467"]
[BlackElo "1934"]
[TimeControl "180+2"]
[EndTime "11:01:01 PDT"]
[Termination "Victoria de Cucudrulu por jaque mate"]

1. d4 Nf6 2. Nf3 d5 3. e3 Bf5 4. Bd3 Bg6 5. Ne5 e6 6. O-O Bd6 7. f4 Bxd3 8. cxd3 Nbd7 9. Bd2 c5 10. dxc5 Bxe5 11. fxe5 Nxe5 12. Bc3 Ned7 13. b4 e5 14. Nd2 O-O 15. Qe2 a5 16. a3 Qe7 17. Nb3 axb4 18. axb4 e4 19. d4 Qe6 20. h3 g6 21.
Rxa8 Rxa8 22. Ra1 Rxa1+ 23. Nxa1 Nh5 24. Nb3 Ng3 25. Qb5 Qc6 26. Qxc6 bxc6 27. Kf2 Nf5 28. Na5 Ne7 29. Ke2 Kf8 30. Be1 Nb8 31. Bg3 Na6 32. Be1 Ke8 33. Kd1 Kd7 34. Kc2 Nf5 35. Bd2 h5 36. Kb3 Nh4 37. g3 Nf3 38. Bc3 Ng1 39.
h4 Ne2 40. Be1 f6 41. Nb7 g5 42. Nd6 gxh4 43. gxh4 Ng1 44. Nf5 Nf3 45. Bg3 Nc7 46.
Ng7 Ne6 47. Nxh5 Ke7 48. Ka4 Nexd4 49. exd4 Nxd4 50. Nf4 Nc2 51. b5 cxb5+ 52. Kxb5 e3 53. Nd3 e2 54. Kb6 Nd4 55. c6 Nf5 56. Be1 Nd6 57. h5 Nc4+ 58. Kc5 Na5 59. h6 Nxc6 60. Kxc6 Kf7 61. Kxd5 Kg6 62. Bd2 f5 63. Ke5 e1=Q+ 64. Nxe1 f4 65. Bxf4 Kh7 66. Kf6 Kh8 67. Kg6 Kg8 68.
h7+ Kh8 69. Be5# 1

[Event "Torneo Nuevo Centro. Jornada 11"]
[Site "Chess.com"]
[Date "2020.08.28"]
[Round "4"]
[White "Casado Andreu, David"]
[Black "Méndez Giménez , Néstor Emmanuel"]
[Result "1-0"]
[WhiteElo "1569"]
[BlackElo "1242"]
[TimeControl "180+2"]
[EndTime "11:04:12 PDT"]
[Termination "Victoria de dave6635 por abandono"]

1. e4 e6 2. d4 d5 3. e5 c5 4. c3 Nc6 5. Nf3 Qb6 6. a3 f6 7. exf6 Nxf6 8. b4 cxb4 9. cxb4 Ne4 10. Bd3 Bd7 11. O-O Nxd4 12. Nxd4 Qxd4 13. Ra2 Bd6 14. Bb2 Qb6 15. Bxg7 Rg8 16. Qh5+ Kd8 17. Qf7 Kc7 18. Rc1+ 1

[Event "Torneo Nuevo Centro. Jornada 11"]
[Site "Chess.com"]
[Date "2020.08.28"]
[Round "4"]
[White "Vicent Lázaro, Elena"]
[Black "Gukasov, Artem"]
[Result "1-0"]
[WhiteElo "726"]
[BlackElo "1440"]
[TimeControl "180+2"]
[EndTime "11:04:40 PDT"]
[Termination "Victoria de Elena_15 por jaque mate"]

1. e3 e6 2. c4 d5 3. Nc3 Nf6 4. Bd3 c6 5. Bb1 a6 6. Qc2 Bb4 7. Nf3 O-O 8. O-O Bd7 9. Nd4 c5 10. Nde2 Nc6 11. cxd5 exd5 12. Nxd5 Nxd5 13. Qxh7# 1

[Event "Torneo Nuevo Centro. Jornada 11"]
[Site "Chess.com"]
[Date "2020.08.28"]
[Round "4"]
[White "Carbonell Sancho, Marc"]
[Black "Blanco Solaz, Ramón"]
[Result "1-0"]
[WhiteElo "1889"]
[BlackElo "1958"]
[TimeControl "180+2"]
[EndTime "11:05:18 PDT"]
[Termination "Victoria de AkaliGOD por abandono"]

1. e4 c5 2. Nf3 g6 3. d4 cxd4 4. Nxd4 Nc6 5. c4 Nf6 6. Nc3 d6 7. Be2 Nxd4 8. Qxd4 Bg7 9. Be3 O-O 10. Qd2 Qa5 11. f3 Be6 12. Rc1 Rfc8 13. b3 a6 14. Na4 Qxd2+ 15. Kxd2 b5 16. Nb6 bxc4 17. Nxc8 Rxc8 18.
Bxc4 Bxc4 19. Rxc4 Rd8 20. Rc7 Kf8 21. Rhc1 Ne8 22. Rc8 Rd7 23. Kd3 Bb2 24. R1c2 Bf6 25. Ra8 e6 26. Rcc8 Re7 27. f4 Bg7 28. e5 f6 29.
exd6 Rd7 30. Rxe8+ Kf7 31. Bc5 Bh6 32. Re7+ Rxe7 33.
dxe7 Bxf4 1

[Event "Torneo Nuevo Centro. Jornada 11"]
[Site "Chess.com"]
[Date "2020.08.28"]
[Round "4"]
[White "Muñoz Pantoja, Miguel"]
[Black "Serarols Mabras, Bernat"]
[Result "1-0"]
[WhiteElo "2392"]
[BlackElo "2427"]
[TimeControl "180+2"]
[EndTime "11:05:35 PDT"]
[Termination "Victoria de Indalsa por abandono"]

1. e4 c6 2. Nc3 d5 3. Nf3 Bg4 4. Be2 Nf6 5. e5 Nfd7 6. d4 e6 7. O-O c5 8. Bg5 Qb6 9. dxc5 Nxc5 10. Be3 Nc6 11. Nd4 Bxe2 12. Qxe2 Qd8 13. f4 g6 14.
Rad1 Be7 15. Kh1 Rc8 16. g4 h5 17. f5 hxg4 18. fxg6 fxg6 19. Nxc6 bxc6 20. Qxg4 Kd7 21. Rf7 Qe8 22. Rdf1 Nb7 23. Bg5 Rf8 24. Rxe7+ Qxe7 25. Bxe7 Rxf1+ 26. Kg2 Rf5 27. Bf6 Rg8 28. Qb4 Kc7 29. Qe7+ 1

[Event "Torneo Nuevo Centro. Jornada 11"]
[Site "Chess.com"]
[Date "2020.08.28"]
[Round "4"]
[White "Alegre Romaguera, Francesc"]
[Black "Más Ripoll, Vicente"]
[Result "1-0"]
[WhiteElo "1311"]
[BlackElo "1062"]
[TimeControl "180+2"]
[EndTime "11:05:40 PDT"]
[Termination "Victoria de Francesc_08 por jaque mate"]

1. e4 c5 2. Nf3 e6 3. d4 cxd4 4.
Nxd4 Nc6 5. Nc3 a6 6. Be3 Nf6 7.
Bg5 Be7 8. Be2 Nxe4 9. Nxe4 Bxg5 10. Nd6+ Kf8 11. Bh5 g6 12. Qf3 Qe7 13. Nxc6 Qxd6 14.
Bxg6 Qd2+ 15. Kf1 dxc6 16. Qxf7# 1

[Event "Torneo Nuevo Centro. Jornada 11"]
[Site "Chess.com"]
[Date "2020.08.28"]
[Round "4"]
[White "Rabbani Perez, Oumaima "]
[Black "Marques Montolio, Luis"]
[Result "0-1"]
[WhiteElo "726"]
[BlackElo "1472"]
[TimeControl "180+2"]
[EndTime "11:05:49 PDT"]
[Termination "Victoria de ateneomaritimo por jaque mate"]

1. e3 d5 2. d4 c6 3. b3 Bf5 4. Nc3 e6 5. Na4 Nd7 6. Ba3 Bxa3 7. Bd3 Bxd3 8. cxd3 Ngf6 9. Nf3 b5 10. Nc3 Bb2 11.
Rb1 Bxc3+ 12. Nd2 O-O 13. Qc2 b4 14. a3 a5 15. axb4 axb4 16. Kd1 Ra3 17. Rc1 Qa5 18. Nb1 Ra2 19. Qxa2 Qxa2 20. Nxc3 Qxb3+ 21. Kd2 bxc3+ 22. Ke2 c5 23. Rb1 Qc2+ 24. Kf3 Qxd3 25. dxc5 Nxc5 26. Rb5 Qe4+ 27. Kg3 Qg4# 0

[Event "Torneo Nuevo Centro. Jornada 11"]
[Site "Chess.com"]
[Date "2020.08.28"]
[Round "4"]
[White "Sos Andreu, Eric"]
[Black "Gil López, Alejandro"]
[Result "1-0"]
[WhiteElo "2524"]
[BlackElo "2212"]
[TimeControl "180+2"]
[EndTime "11:07:02 PDT"]
[Termination "Victoria de ericovski por abandono"]

1. d4 e5 2. dxe5 d6 3. Bf4 Nc6 4. Nf3 Bg4 5. Nbd2 dxe5 6. Nxe5 Nxe5 7. Bxe5 Qe7 8. Bc3 O-O-O 9. h3 Bh5 10. g4 Bg6 11. Bg2 Nf6 12. e3 Ne4 13. Bd4 Nxd2 14. Qxd2 c5 15. Qc3 Kb8 16. Be5+ Ka8 17. O-O f6 18.
Bg3 h5 19. Rad1 Rc8 20. Qc4 hxg4 21. hxg4 Bf7 22. Qb5 Be6 23. Rd3 c4 24. Ra3 1

[Event "Torneo Nuevo Centro. Jornada 11"]
[Site "Chess.com"]
[Date "2020.08.28"]
[Round "4"]
[White "Pedros Viudes, Santiago"]
[Black "Martin Ayala, David"]
[Result "0-1"]
[WhiteElo "1923"]
[BlackElo "1851"]
[TimeControl "180+2"]
[EndTime "11:07:06 PDT"]
[Termination "Victoria de martinayala por abandono"]

1. d4 e6 2. Nf3 e5 3. dxe5 Nc6 4. Nc3 d6 5. exd6 Bxd6 6. Ne4 Bb4+ 7. c3 Qxd1+ 8. Kxd1 Be7 9. e3 Bf5 10. Bd3 O-O-O 11.
Ke2 Rxd3 12. Kxd3 Nf6 13. Nd2 Rd8+ 14. Ke2 Nxe4 15. Nxe4 Bxe4 16. f3 Bd3+ 17. Kf2 f5 18.
b3 Bc5 19. Rd1 f4 20. b4 Bb6 21. a4 a5 22. b5 Ne5 23. g3 g5 24. Ba3 Nc4 25. gxf4 gxf4 26. Be7 Rd7 27. Bg5 fxe3+ 28.
Bxe3 Bxe3+ 29. Kg3 Rg7+ 30. Kh4 Ne5 31. Re1 Nxf3+ 32.
Kh5 Nxe1 33. Rxe1 Bg6+ 34. Kh4 Bf2+ 0

[Event "Torneo Nuevo Centro. Jornada 11"]
[Site "Chess.com"]
[Date "2020.08.28"]
[Round "4"]
[White "Bendayán Claros, Aaron"]
[Black "Ainsa Jimenez, Lucas"]
[Result "1-0"]
[WhiteElo "1987"]
[BlackElo "1164"]
[TimeControl "180+2"]
[EndTime "11:07:13 PDT"]
[Termination "Victoria de Cuajada_Zero por jaque mate"]

1. d4 d5 2. e3 Nc6 3. Bd3 e5 4. dxe5 Nxe5 5. Be2 Nf6 6. Nd2 Bd6 7. Ngf3 Nxf3+ 8.
Nxf3 O-O 9. h3 c6 10. O-O Re8 11. b3 Qe7 12. Bb2 Nd7 13. c4 dxc4 14. Bxc4 Be5 15. Nxe5 Nxe5 16. Be2 Qg5 17. f4 Qg6 18. Bxe5 Bxh3 19.
Bf3 Rad8 20. Qe2 f6 21. Bb2 Bf5 22. Rad1 Rc8 23. Qc4+ Kh8 24. Rfe1 h6 25. e4 Be6 26.
Qf1 Qf7 27. f5 Bd7 28. Rd2 c5 29. Red1 Bc6 30. Qe1 b6 31. Qh4 Kg8 32. Rd6 Qe7 33.
Re6 Qf7 34. Bh5 Qf8 35. Bxe8 Rxe8 36. Rxc6 Qe7 37. Re6 Qf7 38. Rxe8+ Qxe8 39. Qf4 Qf7 40. e5 fxe5 41. Qxe5 Qh5 42. Qxg7# 1